 Dungeon Crawl Stone Soup version 0.18-a0-1040-g4865665 (webtiles) character file.

93 Geeful the Slasher (level 4, 0/35 HPs)
             Began as a Formicid Abyssal Knight on Jan 10, 2016.
             Was a Believer of Lugonu.
             Killed from afar by an orc (18 damage)
             ... with a wand of fire
             ... on level 3 of the Dungeon.
             The game lasted 00:05:50 (2142 turns).

Geeful the Slasher (Formicid Abyssal Knight)        Turns: 2142, Time: 00:05:50

Health: 0/35       AC:  7    Str: 18    XL:     4   Next: 91%
Magic:  5/5        EV:  9    Int: 11    God:    Lugonu [**....]
Gold:   103        SH:  0    Dex: 10    Spells: 0 memorised, 3 levels left

rFire  . . .     SeeInvis +     a - +1 falchion
rCold  . . .     Gourm    .     e - +0 scale mail
rNeg   . . .     Faith    .     (no shield)
rPois  .         Spirit   .     (helmet unavailable)
rElec  .         Dismiss  .     b - +0 cloak
rCorr  .         Reflect  .     (no gloves)
SustAt .         Harm     .     (no boots)
MR     .....                    (no amulet)
Stlth  ..........               (no ring)
                                (no ring)

@: not resistant to hostile enchantments, extremely unstealthy
A: permanent stasis, dig shafts and tunnels, four strong arms, antennae 3
a: Dig, Shaft Self, Depart the Abyss, Bend Space, Renounce Religion


You were on level 3 of the Dungeon.
You worshipped Lugonu.
Lugonu was pleased with you.
You were hungry.

You visited 1 branch of the dungeon, and saw 3 of its levels.
You visited the Abyss 1 time.

You collected 103 gold pieces.

Inventory:

Hand Weapons
 a - a +1 falchion (weapon)
Armour
 b - a +0 cloak (worn)
 e - a +0 scale mail (worn)
Jewellery
 g - a +3 amulet of reflection {unknown}
 i - an uncursed ring of wizardry
Scrolls
 d - a scroll of blinking {unknown}
 f - a scroll of remove curse
Potions
 k - 2 potions of heal wounds {unknown}
 l - a potion of flight {unknown}
 m - 2 potions of cancellation {unknown}
Comestibles
 c - a bread ration
 h - 8 fruits
 j - a meat ration


   Skills:
 - Level 3.2 Fighting
 + Level 4.6 Long Blades
 - Level 2.3 Armour
 - Level 0.8 Dodging
 - Level 2.1 Invocations


You had 3 spell levels left.
You didn't know any spells.

Dungeon Overview and Level Annotations

Branches:
Dungeon (3/15)

Altars:
Nemelex Xobeh
Vehumet

Annotations:
D:3 Ijyb


Innate Abilities, Weirdness & Mutations

You are under a permanent stasis effect.
You can dig through walls and to a lower floor.
Your four strong arms can wield two-handed weapons with a shield.
You have a pair of large antennae on your head (SInv).


Message History

The quokka closely misses you.
You slash the quokka!
You kill the quokka!
Lugonu accepts your kill.
No target in view!
No target in view!
m - 2 bubbling emerald potions (gained 1)
A goblin comes into view. It is wielding a club.
The goblin shouts!
An orc comes into view. It is wielding a hand axe.
The orc shouts!
An orc and Ijyb come into view.
The orc zaps a wand.
The bolt of fire hits the goblin.
The goblin dies!
The bolt of fire misses you.
It is a wand of fire.
The orc zaps a wand.
The bolt of fire hits you!
You are feeling hungry.
You barely miss the orc.
The orc zaps a wand.
The bolt of fire hits you!
Ouch! That really hurt!
You die...

#.# #.......##.#
#.##########.)##.#
#.............##.##
#############.#...###
....................#
..####.#..........#.+
..# #.#.#######.##
..# #.#.# #.# ..#
#.#.# #@# {
..####.#.# #o#
..#....... #.#
..#.#####. ##.# ..#.#
#.#####..##### ###.#
..........{..# #.#
...........{.#
#.####..#####.####o#
#.......# #.# #.#


You could see an orc.

Vanquished Creatures
  3 gnolls (D:3)
  An ooze (D:2)
  2 worms
  3 giant geckos
  3 bats (D:1)
  2 giant cockroaches
  8 hobgoblins
  3 jackals (D:1)
  4 kobolds
  2 quokkas
  3 giant newts
  8 goblins
  4 rats
46 creatures vanquished.

Vanquished Creatures (others)
  A goblin (D:3)
1 creature vanquished.

Grand Total: 47 creatures vanquished

Notes
Turn   | Place    | Note
--------------------------------------------------------------
     0 | Abyss:1  | Geeful the Formicid Abyssal Knight began the quest for the Orb.
     0 | Abyss:1  | Reached XP level 1. HP: 18/18 MP: 2/2
     3 | Abyss:1  | Noticed a quasit
     8 | Abyss:1  | Noticed a large abomination
    15 | D:1      | Escaped the Abyss
   124 | D:1      | Reached * piety under Lugonu
   126 | D:1      | Reached XP level 2. HP: 22/24 MP: 3/3
   545 | D:1      | Reached XP level 3. HP: 26/29 MP: 4/4
   696 | D:2      | Found a sparkling altar of Nemelex Xobeh.
  1183 | D:2      | Found a radiant altar of Vehumet.
  1460 | D:2      | Reached XP level 4. HP: 30/35 MP: 5/5
  1609 | D:3      | Reached skill level 4 in Long Blades
  1612 | D:3      | Reached ** piety under Lugonu
  2125 | D:3      | Noticed Ijyb
  2142 | D:3      | Killed from afar by an orc

Vault maps used:
D:1:      dpeg_arrival_tiny_g, due_unseen_surprise
D:2:      nemelex_xobeh_ov_fountains_minmay, lemuel_doored_altar,
          hangedman_decor_push
D:3:      kennysheep_big_flooded_room, nicolae_overflow_hidden_temple,
          nicolae_ru_path_of_blood, uniq_iyjb, uniq_jessica
Abyss:1:  bh_silent_lugonu_exit

Action                   |  1- 3 |  4- 6 || total
-------------------------+-------+-------++-------
Melee: Falchion          |   149 |    58 ||   207
Invok: Depart the Abyss  |     1 |       ||     1
  Use: Scroll            |     2 |     3 ||     5
       Potion            |     2 |     2 ||     4
  Eat: Chunk             |     2 |     2 ||     4
